 Dungeon Crawl Stone Soup version 0.17-a0-1939-ga475588 (webtiles) character file.

116869 MDvedh the Bludgeoner (level 16, -9/116 HPs)
             Began as a Gargoyle Wanderer on Sept 29, 2015.
             Was a High Priest of Okawaru.
             Mangled by a titanic slime creature (57 damage)
             ... on level 3 of the Swamp.
             The game lasted 01:12:10 (28729 turns).

MDvedh the Bludgeoner (Gargoyle Wanderer)          Turns: 28729, Time: 01:12:10

Health: -9/116     AC: 52    Str: 19      XL:     16   Next: 72%
Magic:  31/31      EV:  7    Int:  8      God:    Okawaru [*****.]
Gold:   2777       SH:  8    Dex:  3 (4)  Spells: 2 memorised, 14 levels left

rFire  . . .     SeeInvis +     y - +3 morningstar (freeze)
rCold  . . .     Clarity  .     L - +9 chain mail "Seom" {MR+++ MP+9 Int-3 Stlth-}
rNeg   + . .     SustAt   .     Z - -1 shield {reflect} (curse)
rPois  ∞         Gourm    .     S - +2 hat {SInv}
rElec  +         Spirit   .     T - +2 cloak {+Inv}
rCorr  +         Warding  .     V - +4 pair of gloves of Starshine {MR+ rCorr Int-5 Dex-4}
rMut   .         Stasis   .     K - +2 pair of boots {run}
MR     +++++                    D - amulet of regeneration
Stlth  ..........               F - +5 ring of slaying
                                x - +4 ring of protection

@: flying, quick, almost entirely resistant to hostile enchantments, extremely
unstealthy
A: big wings, blurry vision 1, clumsy 1, deterioration 1, magic resistance 1,
negative energy resistance 1, regeneration 1, robust 1, electricity resistance,
wild magic 1, unbreathing, petrification resistance, rot immunity, AC +11
a: Stop Flying, Heroism, Finesse, Renounce Religion, Evoke Invisibility


You were on level 3 of the Swamp.
You worshipped Okawaru.
Okawaru was extremely pleased with you.
You were not hungry.

You visited 5 branches of the dungeon, and saw 31 of its levels.
You also visited: Labyrinth and Ossuary.

You collected 3148 gold pieces.
You spent 371 gold pieces at shops.

Inventory:

Hand weapons
 l - a +2 flail of holy wrath
 y - a +3 morningstar of freezing (weapon)
Armour
 K - a +2 pair of boots of running (worn)
 L - the +9 chain mail "Seom" (worn) {MR+++ MP+9 Int-3 Stlth-}
   (You found it in a labyrinth)

   It affects your intelligence (-3).
   It affects your resistance to hostile enchantments.
   It affects your magic capacity (+9).
   It makes you less stealthy.
 S - a +2 hat of see invisible (worn)
 T - a +2 cloak of invisibility (worn)
 V - the +4 pair of gloves of Starshine (worn) {MR+ rCorr Int-5 Dex-4}
   (You bought it in a shop on level 4 of the Orcish Mines)

   It affects your intelligence (-5).
   It affects your dexterity (-4).
   It affects your resistance to hostile enchantments.
   It protects you from acid and corrosion.
 Z - a cursed -1 shield of reflection (worn)
Jewellery
 p - an uncursed ring of protection from fire
 x - a +4 ring of protection (left hand)
 D - an amulet of regeneration (around neck)
 F - a +5 ring of slaying (right hand)
 G - an uncursed ring of positive energy
 H - an uncursed amulet of clarity
Magical devices
 j - a wand of disintegration (9)
 P - a wand of digging (12)
Scrolls
 d - 14 scrolls of teleportation
 e - 5 scrolls of fog
 g - 5 scrolls of recharging
 o - 20 scrolls of remove curse
 s - 4 scrolls of blinking
 u - 3 scrolls of immolation
 v - 6 scrolls of noise
 I - 3 scrolls of enchant weapon
 J - a scroll of magic mapping
 M - 4 scrolls of enchant armour
 Q - 3 scrolls of fear
 W - a scroll of identify
Potions
 a - 2 potions of invisibility
 b - 6 potions of might
 c - a potion of berserk rage
 f - 5 potions of brilliance
 n - a potion of magic
 q - 9 potions of curing
 w - a potion of heal wounds
 A - 5 potions of agility
 B - 6 potions of flight
 C - 4 potions of haste
 E - 2 potions of cure mutation
 N - 3 potions of resistance
Comestibles
 i - 6 meat rations
 r - 12 royal jellies
 z - 8 bread rations
 O - 15 fruits


   Skills:
 + Level 14.0 Fighting
 - Level 16.0 Maces & Flails
   Level 3.0 Bows
 - Level 1.0 Throwing
 + Level 14.3 Armour
 + Level 11.1 Dodging
 * Level 5.1 Shields
 - Level 1.0 Spellcasting
 - Level 1.1 Conjurations
   Level 1.0 Fire Magic
 - Level 9.0 Invocations


You had 14 spell levels left.
You knew the following spells:

 Your Spells              Type           Power        Failure   Level  Hunger
a - Magic Dart            Conj           #...         100%        1    ##.....
b - Blink                 Tloc           N/A          100%        2    ###....


Dungeon Overview and Level Annotations

Branches:
Dungeon (15/15)            Temple (1/1) D:6            Lair (8/8) D:8
  Swamp (3/4) Lair:5        Snake (0/4) Lair:3        Slime (0/6) Lair:8
    Orc (4/4) D:12            Elf (0/3) Orc:3        Vaults (0/5) D:13
 Depths (0/5) D:15

Altars:
Cheibriados
Dithmenos
Elyvilon
Makhleb
Nemelex Xobeh
Okawaru
Sif Muna
Trog
Vehumet
Xom
The Shining One
Beogh
Jiyva

Shops:
D:5 *   D:10 %   D:11 [   D:15 }   Orc:4 ([[%

Portals:
Hell: Lair:8

Annotations:
D:9 exclusion: ice statue


Innate Abilities, Weirdness & Mutations

You are resistant to torment.
Your stone body is resilient (AC +11).
You are immune to poison.
Your large and strong wings let you fly indefinitely.
You resist negative energy.
You are resistant to electric shocks.
You can survive without breathing.
You are immune to petrification.
You are immune to rotting.
Scrolls take you a little longer to read.
You are clumsy. (Dex -2)
Your body sometimes deteriorates upon taking damage.
You are resistant to hostile enchantments.
Your natural rate of healing is unusually fast.
You are robust (+10% HP).
Your spells are a little harder to cast, but a little more powerful.


Message History

You block the vampire mosquito's attack.
The spriggan rider hits you from afar with a spear!
The swamp drake bites you but does no damage.
The titanic slime creature hits you!!!
Your body deteriorates!
You feel clumsy.
The alligator is engulfed in noxious fumes.
The alligator closely misses you.
The alligator tail-slaps you but does no damage.
The giant leech is engulfed in noxious fumes.
You block the giant leech's attack.
You bludgeon the titanic slime creature!!
You freeze the titanic slime creature.
The titanic slime creature is moderately wounded.
The spriggan rider hits you but does no damage.
The swamp drake breathes noxious fumes at you.
The noxious blast engulfs you!
The alligator is engulfed in noxious fumes.
The alligator bites you but does no damage.
You block the alligator's attack. The titanic slime creature hits you!!!
You die...

.. ..w.....♣♣....≈.♣♣
##...##...≈............≈
............≈≈≈≈≈..≈≈...
#$$.#.#...≈≈≈≈≈≈≈≈≈≈≈..
##.......≈≈≈≈≈≈≈≈..≈≈≈≈≈
.....#...≈≈≈≈≈≈..>.≈≈≈≈≈
........≈≈≈≈≈%≈≈≈♣≈≈≈≈≈≈
♣≈.≈.Jw§.$..≈♣ ♣..≈≈≈
♣≈.yJ@§♣♣♣.≈♣♣ ♣≈..≈§
♣≈..kt§♣♣≈.:§♣♣♣♣♣.≈.≈
♣.≈≈≈≈i♣≈≈.≈≈.≈≈♣♣≈...≈
≈..≈≈≈≈≈♣..≈≈≈..≈♣......
≈≈≈≈≈≈§..≈..≈≈≈..≈.≈≈...
≈≈≈.≈≈≈.$.≈.≈≈§≈.♣.≈....
≈≈≈.≈.≈≈≈≈.≈≈.....>.....
.≈≈≈≈.≈≈≈≈..≈.♣♣.≈≈≈....
≈≈≈≈≈≈..♣♣♣.[..≈..


You could see an alligator, a giant leech, a titanic slime creature, a slime
creature, a spriggan rider, a swamp drake and a vampire mosquito.

Vanquished Creatures
  Rupert (D:13)
  A thorn hunter (Swamp:2)
  Frances (Swamp:2)
  2 frost giants
  An orc warlord (Orc:4)
  A dire elephant (Lair:8)
  A vault guard (D:13)
  Snorg (Lair:5)
  A minotaur (Lab)
  Erolcha (Orc:3)
  Josephine (D:13)
  9 hydras
  2 catoblepae
  5 centaur warriors
  3 alligators (Swamp:1)
  A sun demon (Lair:8)
  Urug (D:10)
  An orc high priest (Orc:4)
  5 unseen horrors
  A flayed ghost (D:13)
  2 wizards
  A swamp dragon (Swamp:1)
  2 necromancers (D:13)
  4 lindwurms (Lair:8)
  6 hill giants
  An orc sorcerer (Orc:3)
  4 griffons
  2 ugly things
  5 cyclopes
  3 guardian serpents
  3 elephants (Lair:8)
  4 black mambas
  An elephant (shapeshifter) (D:15)
  Maurice (D:10)
  A sixfirhy (Lair:8)
  A guardian serpent (shapeshifter) (D:15)
  3 kobold demonologists
  2 gargoyles (D:13)
  A torpor snail (Lair:6)
  6 orange demons (Lair:8)
  9 komodo dragons
  16 spiny frogs
  A yaktaur (D:15)
  A hellwing (Lair:8)
  5 fire drakes
  A queen bee (D:12)
  2 red devils (Lair:8)
  2 two-headed ogres
  A blue devil (Lair:8)
  2 giant leeches (Swamp:1)
  3 polar bears
  3 trolls
  14 slime creatures
  A trapdoor spider zombie (D:12)
  33 blink frogs
  Sigmund (D:3)
  2 trapdoor spiders
  4 wyverns
  3 hungry ghosts
  4 deep elf magi
  A spriggan (D:7)
  A vampire (D:13)
  38 yaks
  A shadow (Swamp:2)
  25 humans
  12 hippogriffs
  4 wraiths (D:13)
  3 basilisks
  2 steam dragons
  A mottled dragon (D:12)
  14 vampire mosquitoes
  2 wargs
  Menkaure (D:7)
  4 nagas (Lair:3)
  7 wolves
  16 insubstantial wisps
  18 swamp worms
  12 water moccasins
  15 porcupines
  Duvessa (D:5)
  A hell hound (Lair:8)
  11 ice beasts
  2 sky beasts
  7 necrophages
  5 swamp drakes
  3 phantoms
  7 ogres
  3 wasps
  12 centaurs
  31 orc warriors
  25 crocodiles
  18 giant frogs
  A gnoll sergeant (D:7)
  Dowan (D:5)
  A water moccasin zombie (Ossuary)
  3 wyvern zombies
  9 scorpions
  A water moccasin skeleton (D:9)
  25 wights
  30 killer bees
  7 electric eels
  6 bog bodies
  6 centaur zombies
  8 hounds
  40 orc wizards
  11 crimson imps
  6 giant frog zombies
  4 centaur skeletons
  5 jellies
  22 orc priests
  Ijyb (D:2)
  A giant frog skeleton (D:11)
  13 iguanas
  Jessica (D:3)
  An iron imp (Orc:4)
  3 hell rats (Lair:4)
  2 killer bee zombies
  10 worker ants
  17 sheep
  A hound zombie (D:7)
  A hound skeleton (D:7)
  14 mummies (Ossuary)
  2 worker ant zombies (Ossuary)
  26 gnolls
  6 adders
  71 river rats
  4 shadow imps
  A white imp (Orc:4)
  2 oozes
  2 adder skeletons
  2 adder zombies (Ossuary)
  2 worms
  6 giant geckos
  179 orcs
  3 ball pythons
  5 giant cockroaches
  7 hobgoblins
  14 jackals
  3 quokkas
  19 bats
  A giant cockroach zombie (Ossuary)
  A giant gecko zombie (Ossuary)
  10 giant newts
  9 goblins
  A jackal zombie (Ossuary)
  8 kobolds
  3 quokka zombies
  6 rats
  A fungus (Lair:4)
1149 creatures vanquished.

Vanquished Creatures (others)
  Donald (Swamp:2)
  A spiny frog (Swamp:2)
  A giant gecko (D:9)
  An orc (Orc:4)
  7 fungi
  5 plants
16 creatures vanquished.

Grand Total: 1165 creatures vanquished

Notes
Turn   | Place    | Note
--------------------------------------------------------------
     0 | D:1      | MDvedh the Gargoyle Wanderer began the quest for the Orb.
     0 | D:1      | MDvedh set off with: a book of Minor Magic, a +0 shortbow, 27 arrows, a scroll of teleportation, a +0 robe, a bread ration, a !bad item (cl:100,ty:0,pl:0,pl2:0,sp:0,qu:0), a !bad item (cl:100,ty:0,pl:0,pl2:0,sp:0,qu:0), a !bad item (cl:100,ty:0,pl:0,pl2:0,sp:0,qu:0), a !bad item (cl:100,ty:0,pl:0,pl2:0,sp:0,qu:0), a !bad item (cl:100,ty:0,pl:0,pl2:0,sp:0,qu:0), a !bad item (cl:100,ty:0,pl:0,pl2:0,sp:0,qu:0), a !bad item (cl:100,ty:0,pl:0,pl2:0,sp:0,qu:0), a !bad item (cl:100,ty:0,pl:0,pl2:0,sp:0,qu:0), a !bad item (cl:100,ty:0,pl:0,pl2:0,sp:0,qu:0), a !bad item (cl:100,ty:0,pl:0,pl2:0,sp:0,qu:0), a !bad item (cl:100,ty:0,pl:0,pl2:0,sp:0,qu:0), a !bad item (cl:100,ty:0,pl:0,pl2:0,sp:0,qu:0), a !bad item (cl:100,ty:0,pl:0,pl2:0,sp:0,qu:0), a !bad item (cl:100,ty:0,pl:0,pl2:0,sp:0,qu:0), a !bad item (cl:100,ty:0,pl:0,pl2:0,sp:0,qu:0), a !bad item (cl:100,ty:0,pl:0,pl2:0,sp:0,qu:0), a !bad item (cl:100,ty:0,pl:0,pl2:0,sp:0,qu:0), a !bad item (cl:100,ty:0,pl:0,pl2:0,sp:0,qu:0), a !bad item (cl:100,ty:0,pl:0,pl2:0,sp:0,qu:0), a !bad item (cl:100,ty:0,pl:0,pl2:0,sp:0,qu:0), a !bad item (cl:100,ty:0,pl:0,pl2:0,sp:0,qu:0), a !bad item (cl:100,ty:0,pl:0,pl2:0,sp:0,qu:0), a !bad item (cl:100,ty:0,pl:0,pl2:0,sp:0,qu:0), a !bad item (cl:100,ty:0,pl:0,pl2:0,sp:0,qu:0), a !bad item (cl:100,ty:0,pl:0,pl2:0,sp:0,qu:0), a !bad item (cl:100,ty:0,pl:0,pl2:0,sp:0,qu:0), a !bad item (cl:100,ty:0,pl:0,pl2:0,sp:0,qu:0), a !bad item (cl:100,ty:0,pl:0,pl2:0,sp:0,qu:0), a !bad item (cl:100,ty:0,pl:0,pl2:0,sp:0,qu:0), a !bad item (cl:100,ty:0,pl:0,pl2:0,sp:0,qu:0), a !bad item (cl:100,ty:0,pl:0,pl2:0,sp:0,qu:0), a !bad item (cl:100,ty:0,pl:0,pl2:0,sp:0,qu:0), a !bad item (cl:100,ty:0,pl:0,pl2:0,sp:0,qu:0), a !bad item (cl:100,ty:0,pl:0,pl2:0,sp:0,qu:0), a !bad item (cl:100,ty:0,pl:0,pl2:0,sp:0,qu:0), a !bad item (cl:100,ty:0,pl:0,pl2:0,sp:0,qu:0), a !bad item (cl:100,ty:0,pl:0,pl2:0,sp:0,qu:0), a !bad item (cl:100,ty:0,pl:0,pl2:0,sp:0,qu:0), a !bad item (cl:100,ty:0,pl:0,pl2:0,sp:0,qu:0), a !bad item (cl:100,ty:0,pl:0,pl2:0,sp:0,qu:0), a !bad item (cl:100,ty:0,pl:0,pl2:0,sp:0,qu:0), a !bad item (cl:100,ty:0,pl:0,pl2:0,sp:0,qu:0), a !bad item (cl:100,ty:0,pl:0,pl2:0,sp:0,qu:0), a !bad item (cl:100,ty:0,pl:0,pl2:0,sp:0,qu:0), a !bad item (cl:100,ty:0,pl:0,pl2:0,sp:0,qu:0), a !bad item (cl:100,ty:0,pl:0,pl2:0,sp:0,qu:0)
     0 | D:1      | Reached XP level 1. HP: 10/10 MP: 2/2
   282 | D:1      | Learned a level 1 spell: Magic Dart
   316 | D:1      | Reached XP level 2. HP: 15/15 MP: 3/3
   620 | D:1      | Learned a level 2 spell: Blink
  1198 | D:2      | Reached XP level 3. HP: 6/19 MP: 0/4
  1486 | D:2      | Reached skill level 4 in Armour
  1704 | D:2      | Reached skill level 1 in Maces & Flails
  1704 | D:2      | Reached XP level 4. HP: 22/24 MP: 5/5
  1908 | D:2      | Found a burning altar of Makhleb.
  2281 | D:3      | Noticed Ijyb
  2340 | D:2      | Killed Ijyb
  2340 | D:2      | Reached XP level 5. HP: 26/28 MP: 6/6
  2833 | D:3      | Noticed Jessica
  2860 | D:3      | Killed Jessica
  2860 | D:3      | Reached XP level 6. HP: 21/32 MP: 7/7
  2955 | D:3      | Found a faded altar to an unknown god.
  2980 | D:3      | Noticed Sigmund
  3012 | D:3      | Killed Sigmund
  3012 | D:3      | Reached skill level 5 in Maces & Flails
  3330 | D:3      | Reached XP level 7. HP: 30/36 MP: 8/8
  3436 | D:3      | Reached skill level 6 in Maces & Flails
  4118 | D:4      | Reached skill level 7 in Maces & Flails
  4441 | D:4      | Found a shadowy altar of Dithmenos.
  4520 | D:4      | HP: 1/36 [ice beast (12)]
  4523 | D:4      | Reached skill level 8 in Maces & Flails
  4523 | D:4      | Reached XP level 8. HP: 15/41 MP: 9/9
  4845 | D:5      | Entered Level 5 of the Dungeon
  5063 | D:5      | Found Hedwauh's General Store.
  5092 | D:5      | Bought a scroll of immolation for 45 gold pieces
  5092 | D:5      | Bought a scroll of noise for 13 gold pieces
  5233 | D:5      | Reached skill level 9 in Maces & Flails
  5782 | D:5      | Noticed Duvessa
  5782 | D:5      | Noticed Dowan
  5795 | D:5      | Killed Duvessa
  5795 | D:5      | Reached skill level 10 in Maces & Flails
  5817 | D:5      | Killed Dowan
  6077 | D:5      | Reached XP level 9. HP: 38/45 MP: 10/10
  6384 | D:6      | Reached skill level 11 in Maces & Flails
  6402 | D:6      | Found a sand-covered staircase.
  6407 | Ossuary  | Entered an ossuary
  6541 | Ossuary  | HP: 2/45 [mummy (8)]
  7154 | Ossuary  | Reached skill level 12 in Maces & Flails
  7329 | D:6      | Found a staircase to the Ecumenical Temple.
  7335 | Temple   | Entered the Ecumenical Temple
  7348 | Temple   | Became a worshipper of Warmaster Okawaru
  7831 | D:7      | Noticed Menkaure
  7845 | D:7      | Killed Menkaure
  8058 | D:7      | Acquired Okawaru's first power
  8058 | D:7      | Reached XP level 10. HP: 48/50 MP: 11/11
  8078 | D:7      | Reached skill level 13 in Maces & Flails
  8117 | D:7      | Found a snail-covered altar of Cheibriados.
  8678 | D:8      | Found a staircase to the Lair.
  9213 | Lair:1   | Entered Level 1 of the Lair of Beasts
  9226 | Lair:1   | Reached skill level 14 in Maces & Flails
  9386 | Lair:1   | Reached skill level 1 in Dodging
  9664 | Lair:1   | Reached skill level 5 in Armour
  9804 | Lair:1   | Reached XP level 11. HP: 54/54 MP: 12/12
 10291 | Lair:2   | Found a labyrinth entrance.
 10337 | Lab      | Entered a labyrinth
 10909 | Lab      | Noticed a minotaur
 10918 | Lab      | Killed a minotaur
 10923 | Lab      | Got a pearl-encrusted ring mail
 10923 | Lab      | Got a steaming chain mail
 10935 | Lab      | Identified the +9 chain mail "Seom" {MR+++ MP+9 Int-3 Stlth-} (You found it in a labyrinth)
 10945 | Lab      | Identified the +0 ring mail "Fuxeizompa" {-Tele rC+ Str+2} (You found it in a labyrinth)
 11051 | Lair:2   | Received a gift from Okawaru
 11521 | Lair:2   | Reached skill level 15 in Maces & Flails
 11587 | Lair:2   | Acquired Okawaru's second power
 11622 | Lair:2   | Reached skill level 5 in Dodging
 11622 | Lair:2   | Reached skill level 1 in Invocations
 11895 | Lair:2   | Noticed a six-headed hydra
 11905 | Lair:2   | Killed a six-headed hydra
 11908 | Lair:2   | Received a gift from Okawaru
 12068 | Lair:2   | Reached XP level 12. HP: 57/59 MP: 14/14
 12290 | Lair:3   | Noticed an eight-headed hydra
 12297 | Lair:3   | Killed an eight-headed hydra
 12305 | Lair:3   | Received a gift from Okawaru
 12321 | Lair:3   | Noticed a four-headed hydra
 12330 | Lair:3   | Killed a four-headed hydra
 12343 | Lair:3   | Reached skill level 5 in Invocations
 12458 | Lair:3   | Found a staircase to the Snake Pit.
 12778 | Lair:3   | Received a gift from Okawaru
 13232 | Lair:4   | Received a gift from Okawaru
 13672 | Lair:4   | Received a gift from Okawaru
 13781 | Lair:4   | Received a gift from Okawaru
 14277 | Lair:5   | Reached XP level 13. HP: 63/63 MP: 18/18
 14296 | Lair:5   | Received a gift from Okawaru
 14359 | Lair:5   | Identified a +2 pair of boots of running (Okawaru gifted it to you on level 5 of the Lair of Beasts)
 14421 | Lair:5   | Noticed Snorg
 14434 | Lair:5   | Killed Snorg
 15134 | Lair:5   | Found a staircase to the Swamp.
 15250 | Lair:5   | Reached skill level 10 in Armour
 15335 | Lair:6   | Reached skill level 16 in Maces & Flails
 15404 | Lair:6   | Reached skill level 1 in Fighting
 16764 | Lair:7   | Received a gift from Okawaru
 17182 | Lair:8   | Entered Level 8 of the Lair of Beasts
 17184 | Lair:8   | Gained mutation: You are resistant to hostile enchantments. [potion of mutation]
 17184 | Lair:8   | Gained mutation: Scrolls take you a little longer to read. [potion of mutation]
 17184 | Lair:8   | Gained mutation: Your natural rate of healing is unusually fast. [potion of mutation]
 17319 | Lair:8   | Reached skill level 5 in Fighting
 17343 | Lair:8   | Gained mutation: Your large and strong wings let you fly indefinitely. [Gargoyle growth]
 17343 | Lair:8   | Reached XP level 14. HP: 67/78 MP: 20/20
 17539 | Lair:8   | Found a burning altar of Makhleb.
 17622 | Lair:8   | Found a gateway to Hell.
 17723 | Lair:8   | Noticed a dire elephant
 17731 | Lair:8   | Killed a dire elephant
 17925 | Lair:8   | Found a staircase to the Slime Pits.
 17926 | Lair:8   | Found a viscous altar of Jiyva.
 17945 | Lair:8   | Found a frozen archway.
 18247 | Lair:8   | Got a scorched copper amulet
 18341 | Lair:8   | Identified the amulet of Xyokhlun {Inacc rPois Str+6} (You found it on level 8 of the Lair of Beasts)
 19041 | D:9      | Noticed an ice statue
 19181 | D:10     | Entered Level 10 of the Dungeon
 19406 | D:10     | Noticed Urug
 19414 | D:10     | Killed Urug
 19470 | D:10     | Noticed Maurice
 19479 | D:10     | Killed Maurice
 19612 | D:10     | Found Boantone's Food Emporium.
 20028 | D:11     | Found Yneshor's Armour Boutique.
 20272 | D:11     | Gained mutation: Your spells are a little harder to cast, but a little more powerful. [potion of beneficial mutation]
 20815 | D:12     | Received a gift from Okawaru
 20933 | D:12     | Reached skill level 10 in Fighting
 21040 | D:12     | Reached XP level 15. HP: 77/92 MP: 21/21
 21397 | D:12     | Found a staircase to the Orcish Mines.
 21967 | Orc:1    | Entered Level 1 of the Orcish Mines
 22062 | Orc:1    | Found a roughly hewn altar of Beogh.
 22403 | Orc:3    | Noticed Erolcha
 22410 | Orc:3    | Killed Erolcha
 22563 | Orc:3    | Found a staircase to the Elven Halls.
 22935 | Orc:4    | Entered Level 4 of the Orcish Mines
 22996 | Orc:4    | Found a roughly hewn altar of Beogh.
 23247 | Orc:4    | Found a roughly hewn altar of Beogh.
 23268 | Orc:4    | Found Amaupp's Food Shoppe.
 23416 | Orc:4    | Found a roughly hewn altar of Beogh.
 23561 | Orc:4    | Found Jetevy's Antique Weapon Boutique.
 23563 | Orc:4    | Found a roughly hewn altar of Beogh.
 23582 | Orc:4    | Found Gaptofir's Antique Armour Shop.
 23597 | Orc:4    | Bought a pair of distressingly furry gloves for 313 gold pieces
 23607 | Orc:4    | Identified the +4 pair of gloves of Starshine {MR+ rCorr Int-5 Dex-4} (You bought it in a shop on level 4 of the Orcish Mines)
 23797 | Orc:4    | Found a roughly hewn altar of Beogh.
 23802 | Orc:4    | Found Jasuow's Armour Emporium.
 24279 | D:13     | Noticed Rupert
 24296 | D:13     | Killed Rupert
 24296 | D:13     | Received a gift from Okawaru
 24398 | D:13     | Found a gate to the Vaults.
 24502 | D:13     | Noticed Josephine
 24510 | D:13     | Killed Josephine
 24510 | D:13     | Reached skill level 10 in Dodging
 24777 | D:13     | Gained mutation: Your body sometimes deteriorates upon taking damage. [mutagenic meat]
 24780 | D:13     | Gained mutation: You are clumsy. (Dex -2) [mutagenic meat]
 24781 | D:13     | Gained mutation: You are robust (+10% HP). [mutagenic meat]
 25010 | D:13     | Received a gift from Okawaru
 25026 | D:13     | Noticed a frost giant
 25043 | D:13     | Killed a frost giant
 25296 | D:13     | Reached XP level 16. HP: 109/114 MP: 22/22
 25932 | D:14     | Found a glowing golden altar of the Shining One.
 26387 | D:15     | Entered Level 15 of the Dungeon
 26561 | D:15     | Found Bont's Gadget Emporium.
 26668 | D:15     | Found a staircase to the Depths.
 27184 | Swamp:1  | Entered Level 1 of the Swamp
 27688 | Swamp:1  | Received a gift from Okawaru
 27922 | Swamp:2  | Noticed Donald
 27945 | Swamp:2  | Killed Donald
 28026 | Swamp:2  | Noticed a thorn hunter
 28040 | Swamp:2  | Killed a thorn hunter
 28042 | Swamp:2  | Noticed Frances
 28054 | Swamp:2  | Killed Frances
 28554 | Swamp:3  | Reached skill level 5 in Shields
 28701 | Swamp:3  | Got a pitted chain mail
 28704 | Swamp:3  | Identified the cursed +1 chain mail of Trog's Hatred {*Drain rF+ rN+ Regen+} (You found it on level 3 of the Swamp)
 28729 | Swamp:3  | Mangled by a titanic slime creature

Vault maps used:
D:1:      erik_arrival_triangle_large, bh_walls_and_bars
D:2:      first_bread, makhleb_blood_cavern_becter
D:3:      ecumenical_altar_1, uniq_iyjb, uniq_sigmund, uniq_jessica
D:4:      kennysheep_mini_moat
D:5:      old_forge, serial_shops, shop, uniq_duvessa
D:6:      minmay_temple_entry_fiery, enter_ossuary_2, st_stairs_11
D:7:      basic_altar, the_bakery, minmay_stone_trees_medium, uniq_menkaure
D:8:      lair_0_dummy
D:9:      minivault_16, kennysheep_generic_room_16
D:10:     nrook_guardian_serpent_snake_passage, serial_shops,
          nicolae_shop_trees, minmay_misc_feat_five, st_stairs_9, uniq_urug,
          uniq_maurice
D:11:     serial_shops, shop, nrook_guardian_serpent_double
D:12:     erik_orc_2, special_room
D:13:     four-leaf_vault, grunt_vaults_entry_tiered, uniq_josephine,
          uniq_rupert
D:14:     tso_metal_star, minmay_crystal_water
D:15:     grunt_enter_depths_snipers, serial_shops, shop, minivault_27
Temple:   grunt_circular_temple_18
Lair:1:   grunt_megastairs_2, lemuel_fruit_tree
Lair:2:   erik_1, lab_entry_generic, cheibrodos_lair_caveside_slide
Lair:3:   minmay_snake_entry_guardpost_small, hangedman_lair_generics_rect
Lair:4:   serial_forest, infiniplex_forest_lined_3, infiniplex_forest_end_2,
          infiniplex_forest_end_3, infiniplex_forest_corner_1,
          infiniplex_forest_3_way, infiniplex_forest_clump_cross,
          roderic_carrion_pond
Lair:5:   minmay_swamp_entry_worms, st_stairs_11, infiniplex_staircase_pool,
          uniq_snorg
Lair:7:   serial_bayou_ford_a
Lair:8:   evil_forest, slime_altar_1, portal_ice_cave_entry_ice_beasts,
          minmay_lindwurm_lava, serial_bayou_shore_a, lemuel_fruit_fields
Swamp:1:  evilmike_swamp_ruin_house_2
Swamp:2:  hangedman_swamp_lotus, infiniplex_staircase_pool_2, uniq_frances,
          uniq_donald
Swamp:3:  evilmike_swamp_ruin_rubble_1, swamp_pool4
Orc:1:    basic_altar
Orc:3:    nicolae_orc_pool_cavern, uniq_erolcha
Orc:4:    grunt_orc_community_town_hall, grunt_orc_community_big_house_2,
          grunt_orc_community_big_house_2, grunt_orc_community_house_2,
          grunt_orc_community_house_1, grunt_orc_community_house_3,
          grunt_orc_community_house_3, hangedman_minor_magic
Lab:      labyrinth_hidden_loot, nicolae_lab_swirl
Ossuary:  ossuary_zaba_flooded

Action                   |  1- 3 |  4- 6 |  7- 9 | 10-12 | 13-15 | 16-18 || total
-------------------------+-------+-------+-------+-------+-------+-------++-------
Melee: Spear             |   134 |       |       |       |       |       ||   134
       Mace              |    24 |   247 |    41 |       |       |       ||   312
       Flail             |       |       |   454 |       |       |       ||   454
       Morningstar       |       |       |    87 |   627 |  2002 |   512 ||  3228
 Fire: Shortbow          |     4 |       |       |       |       |       ||     4
 Cast: Magic Dart        |     7 |       |       |       |       |       ||     7
Invok: Heroism           |       |       |       |     8 |    17 |     2 ||    27
       Finesse           |       |       |       |       |     3 |     1 ||     4
 Abil: Fly               |       |       |       |       |     3 |     1 ||     4
       Stop Flying       |       |       |       |       |     3 |       ||     3
Evoke: Wand              |       |       |       |     3 |       |       ||     3
  Use: Potion            |       |     5 |     1 |       |     3 |     1 ||    10
       Scroll            |       |       |    16 |     7 |     8 |     2 ||    33
 Stab: Sleeping          |     2 |       |       |       |       |       ||     2
  Eat: Bread ration      |     1 |       |     2 |     1 |     1 |       ||     5
       Chunk             |       |     4 |     5 |     5 |    16 |     1 ||    31
       Beef jerky        |       |       |     1 |       |     1 |     3 ||     5
       Pizza             |       |       |     1 |     1 |     3 |     1 ||     6
       Meat ration       |       |       |       |     7 |     3 |       ||    10
       Fruit             |       |       |       |     2 |     1 |       ||     3
       Royal jelly       |       |       |       |       |       |     1 ||     1
